 Dungeon Crawl Stone Soup version 0.32-a0-427-g448f42529f (webtiles) character file.

Game seed: 3217194690216600069

256 Essalna the Digger (level 5, -7/38 HPs)
             Began as a Draconian Earth Elementalist on Feb 22, 2024.
             Mangled by a gnoll sergeant
             ... wielding a +0 trident
              (9 damage)
             ... on level 3 of the Dungeon.
             The game lasted 00:02:55 (2212 turns).

Essalna the Digger (Draconian Earth Elementalist)   Turns: 2212, Time: 00:02:56

Health: -7/38      AC:  6    Str: 10    XL:     5   Next: 92%
Magic:  9/10       EV: 12    Int: 18    God:
Gold:   101        SH:  0    Dex: 11    Spells: 10/11 levels left

rFire   . . .        o - staff of alchemy
rCold   . . .        (no shield)
rNeg    . . .        (body armour unavailable)
rPois   +            (helmet restricted)
rElec   .            j - +0 cloak
rCorr   .            (no gloves)
SInv    .            (no boots)
Will    .....        (no amulet)
Stlth   ++           (no ring)
HPRegen 0.26/turn    (no ring)
MPRegen 0.12/turn

%: no passive effects
@: no status effects
A: AC +5, unfitting armour, cold-blooded
a: no special abilities


You were on level 3 of the Dungeon.
You visited 1 branch of the dungeon, and saw 3 of its levels.

You collected 101 gold pieces.

Inventory:

Armour
 j - a +0 cloak (worn)
Magical Staves
 o - a staff of alchemy (weapon)
Jewellery
 n - a ring of wizardry
Scrolls
 d - 3 scrolls of identify {unknown}
 f - a scroll of noise {unknown}
 g - a scroll of immolation {unknown}
 h - 3 scrolls of teleportation {unknown}
 i - a scroll of amnesia {unknown}
 k - a scroll of fear {unknown}
 l - a scroll of blinking {unknown}
Potions
 b - 2 potions of heal wounds {unknown}
 c - a potion of haste {unknown}
 e - 2 potions of degeneration {unknown}
 m - a potion of lignification {unknown}


   Skills:
 - Level 1.7 Dodging
 - Level 1.7 Stealth
 + Level 3.7 Spellcasting
 + Level 3.3 Conjurations
 + Level 4.5 Earth Magic


You had 10 spell levels left.
You knew the following spells:

 Your Spells              Type           Power      Damage    Failure   Level
a - Sandblast             Erth           38%        2d10      2%          1

Your spell library contained the following spells:

 Spells                   Type           Power      Damage    Failure   Level
 Passwall                 Erth           19%        N/A       7%          3
 Shock                    Conj/Air       36%        1d5       8%          1
 Stone Arrow              Conj/Erth      34%        3d9       9%          3
 Brom's Barrelling Bould  Conj/Erth      17%        2d4       30%         4
 Petrify                  Alch/Erth      17%        N/A       52%         4
 Conjure Ball Lightning   Conj/Air       4%         3x3d6     100%        6
 Discord                  Hex            1%         N/A       100%        8
 Disjunction              Tloc           1%         N/A       100%        8


Dungeon Overview and Level Annotations

Branches:
Dungeon (3/15)

Altars:


Innate Abilities, Weirdness & Mutations

Your plain brown scales are hard. (AC +5)
You cannot fit into any form of body armour.
You are cold-blooded and may be slowed by cold attacks.


Message History

Things that are here:
a +0 club; an orc corpse The gnoll sergeant attacks as it pursues you!
The gnoll sergeant hits you from afar with a +0 trident!
Casting: Sandblast (safe; 2% risk of failure)
Confirm with . or Enter, or press ? or * to list all spells.
Aiming: Sandblast (safe; 2% risk of failure)
Press: ? - help, Shift-Dir - straight line, f - gnoll sergeant
Aim: a gnoll sergeant, wielding a +0 trident, wearing a +0 scale mail and wearing a +0 buckler (87% to hit)
The blast of sand hits the gnoll sergeant.
The gnoll sergeant is lightly wounded.
The gnoll sergeant hits you from afar with a +0 trident.
* * * LOW HITPOINT WARNING * * *
Casting: Sandblast (safe; 2% risk of failure)
Confirm with . or Enter, or press ? or * to list all spells.
Aiming: Sandblast (safe; 2% risk of failure)
Press: ? - help, Shift-Dir - straight line, f/p - gnoll sergeant
Aim: a gnoll sergeant, wielding a +0 trident, wearing a +0 scale mail and wearing a +0 buckler (lightly wounded, 87% to hit)
The blast of sand hits the gnoll sergeant but does no damage.
The gnoll sergeant is lightly wounded.
The gnoll sergeant misses you. The gnoll sergeant closely misses you.
Casting: Sandblast (safe; 2% risk of failure)
Confirm with . or Enter, or press ? or * to list all spells.
Aiming: Sandblast (safe; 2% risk of failure)
Press: ? - help, Shift-Dir - straight line, f/p - gnoll sergeant
Aim: a gnoll sergeant, wielding a +0 trident, wearing a +0 scale mail and wearing a +0 buckler (lightly wounded, 87% to hit)
The blast of sand hits the gnoll sergeant.
The gnoll sergeant is moderately wounded.
The gnoll sergeant hits you from afar with a +0 trident!
* * * LOW HITPOINT WARNING * * *
Magic courses through your body. The gnoll sergeant barely misses you.
Casting: Sandblast (safe; 2% risk of failure)
Confirm with . or Enter, or press ? or * to list all spells.
Aiming: Sandblast (safe; 2% risk of failure)
Press: ? - help, Shift-Dir - straight line, f/p - gnoll sergeant
Aim: a gnoll sergeant, wielding a +0 trident, wearing a +0 scale mail and wearing a +0 buckler (moderately wounded, 87% to hit)
The blast of sand hits the gnoll sergeant.
The gnoll sergeant is moderately wounded.
The gnoll sergeant hits you from afar with a +0 trident!
You die...

#....~≈#gog#.........
#...P≈≈#...##########
#....≈≈###+#
#....~≈~.# #...)≈≈≈.#
#....~≈≈.# #.P.g~~~.#
#....~~~.# #...@≈≈~.#
#....~≈~.#g#...
#....~~≈.#.#..
#....~≈###'#..
#....~≈#.oo#'#######
#....~≈#gog#........
#....~≈#####g~~†)≈≈~
#....~≈≈≈≈≈≈≈≈≈≈~≈≈≈
#....~≈≈~†~~~†~~~~~~


You could see a gnoll sergeant.

Vanquished Creatures
  2 howler monkeys (D:3)
  A hound (D:3)
  An orc priest (D:3)
  2 gnolls (D:3)
  A ribbon worm (D:2)
  3 dart slugs
  An orc (D:3)
  3 ball pythons
  3 endoplasms
  2 giant cockroaches
  3 goblins
  4 hobgoblins
  15 jackals
  2 kobolds
  7 bats
  A frilled lizard (D:3)
  A rat (D:3)
52 creatures vanquished.

Notes
Turn   | Place    | Note
-------+----------+-------------------------------------------
     0 | D:1      | Essalna the Draconian Earth Elementalist began the quest
                  | for the Orb.
     0 | D:1      | Reached XP level 1. HP: 14/14 MP: 3/3
   168 | D:1      | Reached XP level 2. HP: 20/20 MP: 0/5
   769 | D:2      | Reached XP level 3. HP: 26/26 MP: 3/6
  1147 | D:2      | Found a faded altar of an unknown god.
  1164 | D:2      | Got Plato's Book of Force
  1625 | D:3      | Reached XP level 4. HP: 32/33 MP: 1/8
  2025 | D:3      | Reached skill level 4 in Earth Magic
  2025 | D:3      | Reached XP level 5. HP: 38/38 MP: 6/9
  2210 | D:3      | HP: 1/38 [gnoll sergeant/+0 trident (7)]
  2212 | D:3      | Mangled by a gnoll sergeant

Illustrated notes

Levels and vault maps discovered:
D:1:      lightli_iron_boxes, layout_loops_ring, wad_floor_pattern_2
D:2:      layout_loops_cross, shapermc_ecumenical_altar_rom_forum,
          uniq_crazy_yiuf_cottage
D:3:      lemuel_castle_with_subvaults [lemuel_castle_interior_original],
          layout_rooms

Skill      XL: |  1  2  3  4  5 |
---------------+----------------+-----
Conjurations   | 2 3 |  3.3
Spellcasting   | 3 |  3.7
Earth Magic    | 4 |  4.5
Dodging        | |  1.7
Stealth        | |  1.7

Action                     |  1- 3 |  4- 6 || total
---------------------------+-------+-------++-------
  Melee: Staff             |       |     6 ||     6
   Cast: Sandblast         |    38 |    53 ||    91
    Use: Potion            |       |     1 ||     1
 Armour: Skin              |     7 |    41 ||    48
  Dodge: Dodged            |    12 |    40 ||    52

Table legend: (Time is in decaauts)
 A = Elapsed time spent in this place.
 B = Non-inter-level travel time spent in this place.
 C = Inter-level travel time spent in this place.
 D = Time resting spent in this place.
 E = Time spent auto-exploring this place.
 F = Levels seen in this place.
 G = Mean time per level.
                   A        B        C        D        E       F      G
               +--------+--------+--------+--------+--------+-----+--------+
         Total |   2269 |   2213 |     56 |      0 |   1876 |   3 |  756.3 |
       Dungeon |   2269 |   2213 |     56 |      0 |   1876 |   3 |  756.3 |
               +--------+--------+--------+--------+--------+-----+--------+

Top non-repeatable levels by time:
     D:2: 942 daAuts
     D:1: 671 daAuts
     D:3: 656 daAuts
